 Dungeon Crawl Stone Soup version 0.25-a0-167-g836c352ace (webtiles) character file.

Game seed: 5387676411070427485, levelgen mode: deterministic

2 MisterFreud the Sneak (level 1, 0/8 HPs)
             Began as a Felid Wanderer on Nov 25, 2019.
             Slain by a hobgoblin
             ... wielding a +0 club
              (7 damage)
             ... on level 1 of the Dungeon.
             The game lasted 00:00:30 (57 turns).

MisterFreud the Sneak (Felid Wanderer)                Turns: 57, Time: 00:00:31

Health: 0/8        AC:  1    Str:  5    XL:     1   Next: 25%
Magic:  4/4        EV: 15    Int: 14    God:
Gold:   0          SH:  0    Dex: 17    Spells: 4/4 levels left
                                        Lives:  0   Deaths: 0

rFire    . . .     SeeInvis +   (weapon unavailable)
rCold    . . .     Gourm    .   (shield unavailable)
rNeg     . . .     Faith    .   (armour unavailable)
rPois    .         Spirit   .   (helmet unavailable)
rElec    .         Reflect  .   (cloak unavailable)
rCorr    .         Harm     .   (gloves unavailable)
MR       .....                  (boots unavailable)
Stlth    +++.......             (no amulet)
HPRegen  0.02/turn              (no ring)
MPRegen  0.09/turn              (no ring)

@: quick
A: very small, no armour, no weapons or thrown items, stealth, claws 1, fangs 3,
see invisible, carnivore, speed 1, shaggy fur 1, slow metabolism 1, sharp paws
a: no special abilities


You were on level 1 of the Dungeon.
You were not hungry.

You visited 1 branch of the dungeon, and saw 1 of its levels.

Inventory:

Comestibles
 c - a ration


   Skills:
 + Level 0.6 Fighting
 - Level 2.6 Stealth
 - Level 2.0 Spellcasting
   Level 1.5 Translocations
   Level 1.1 Transmutations
   Level 1.7 Fire Magic
   Level 1.7 Earth Magic


You had 4 spell levels left.
You didn't know any spells.
Your spell library contained the following spells:

 Spells                   Type           Power        Failure   Level  Hunger
 Beastly Appendage        Tmut           #.....       16%         1    ##.....
 Flame Tongue             Conj/Fire      #....        17%         1    ##.....
 Sticks to Snakes         Tmut           #.......     22%         2    ###....
 Conjure Flame            Conj/Fire      #.......     45%         3    ####...
 Spider Form              Tmut/Pois      #.........   50%         3    ####...
 Ice Form                 Ice/Tmut       #.......     88%         4    #####..
 Blade Hands              Tmut           #.........   99%         5    ######.


Dungeon Overview and Level Annotations

Branches:
Dungeon (1/15)

Altars:


Innate Abilities, Weirdness & Mutations

You cannot wear armour.
You are incapable of wielding weapons or throwing items.
Your paws allow you to move quietly. (Stealth)
You have sharp claws.
You have razor-sharp teeth.
You have supernaturally acute eyesight. (SInv)
You are carnivorous and can eat meat at any time.
You cover ground quickly.
You are covered in fur. (AC +1)
You have a slow metabolism.
Your sharp claws are effective at attacking unaware monsters.


Message History

You see here a hunting sling.
No target in view!
No target in view!
A bat and a hobgoblin come into view.
Unknown command.
You pounce on the unaware helpless rat!
You scratch the rat.
You kill the rat!
The kobold closely misses you.
You closely miss the kobold.
The kobold hits you with a +2 dagger of electrocution.
You barely miss the kobold. The kobold hits you but does no damage.
You scratch the kobold.
You kill the kobold!
The hobgoblin shouts!
You hear a shout!
You start resting.
The hobgoblin is too close now for your liking.
A hobgoblin is nearby!
You closely miss the hobgoblin. The hobgoblin hits you with a +0 club!
Ouch! That really hurt!
You die...

#.<.# ####...##
..#P...P# #.##...##
#.#P...P# ..##.).##
#.#P...P# #.##.).##
#@#P...P# #g##...##
#.#P...P#
..#####.##...##.#
................#
.###.#)....#...##
#..†.........$.
..................
##..........#.##...


You could see a hobgoblin.

Vanquished Creatures
  A kobold (D:1)
  2 rats (D:1)
3 creatures vanquished.

Notes
Turn   | Place    | Note
-------+----------+-------------------------------------------
     0 | D:1      | MisterFreud the Felid Wanderer began the quest for the Orb.
     0 | D:1      | MisterFreud set off with the following items: a ration; and
                  | the following spells available to memorise: Beastly
                  | Appendage, Flame Tongue, Sticks to Snakes, Conjure Flame,
                  | Spider Form, Ice Form, Blade Hands
     0 | D:1      | Reached XP level 1. HP: 7/7 MP: 4/4
    57 | D:1      | Slain by a hobgoblin

Levels and vault maps discovered:
D:1:      minmay_arrival_plants_in_alcoves, layout_rooms, minivault_23,
          serial_park_tiny_2

Action                   || total
-------------------------++-------
Melee: Unarmed           ||     6
 Stab: Sleeping          ||     1
Dodge: Dodged            ||     1

Table legend:
 A = Non-vault XP
 B = Vault XP
 C = Vault XP percentage of total XP
 D = Non-vault monster count
 E = Vault monster count
 F = Vault count percentage of total count
                 A         B        C        D         E       F
            +---------+---------+-------+---------+---------+-------
      Total |       3 |       0 |   0.0 |       3 |       0 |   0.0
            +---------+---------+-------+---------+---------+-------
        D:1 |       3 |       0 |   0.0 |       3 |       0 |   0.0
            +---------+---------+-------+---------+---------+-------
